 Dungeon Crawl Stone Soup version 0.31-a0-588-g14bffd4ff3 (webtiles) character file.

Game seed: 5036213982180256879

89 Conn the Firebug (level 4, -3/27 HPs)
             Began as an Octopode Fire Elementalist on Aug 19, 2023.
             Killed from afar by an orc wizard (11 damage)
             ... with a magic dart
             ... on level 2 of the Dungeon.
             The game lasted 00:02:34 (1896 turns).

Conn the Firebug (Octopode Fire Elementalist)       Turns: 1896, Time: 00:02:35

Health: -3/27      AC:  1    Str:  7    XL:     4   Next: 55%
Magic:  7/8        EV: 13    Int: 19    God:
Gold:   95         SH:  0    Dex: 12    Spells: 2/8 levels left

rFire   . . .        g - +0 hand axe (heavy)
rCold   . . .        (no shield)
rNeg    . . .        (helmet restricted)
rPois   .            (no amulet)
rElec   .            h - ring of see invisible
rCorr   .            (no ring)
SInv    +            (no ring)
Will    .....        (no ring)
Stlth   ++           (no ring)
HPRegen 0.24/turn    (no ring)
MPRegen 0.11/turn    (no ring)
                     (no ring)

%: no passive effects
@: confused, hasted, very quick
A: almost no armour, amphibious, 8 rings, camouflage 1, gelatinous body 1,
(nimble swimmer 1), tentacles
a: no special abilities


You were on level 2 of the Dungeon.
You visited 1 branch of the dungeon, and saw 3 of its levels.

You collected 95 gold pieces.

Inventory:

Hand Weapons
 e - a +0 dagger
 g - a +0 heavy hand axe (weapon)
Armour
 l - a +0 buckler
Jewellery
 h - a ring of see invisible (left tentacle)
Scrolls
 c - 2 scrolls of immolation {unknown}
 d - a scroll of amnesia {unknown}
 m - a scroll of teleportation {unknown}
 o - a scroll of enchant armour {unknown}
 p - a scroll of enchant weapon {unknown}
Potions
 a - a potion of magic
 b - 2 potions of haste
 f - a potion of heal wounds {unknown}
 i - a potion of mutation {unknown}
 j - a potion of cancellation {unknown}
 k - a potion of attraction {unknown}
 n - a potion of lignification {unknown}


   Skills:
 + Level 2.1 Dodging
 + Level 3.7 Stealth
 * Level 0.2 Shields
 * Level 2.8 Spellcasting
 * Level 1.4 Conjurations
 + Level 3.9 Fire Magic


You had 2 spell levels left.
You knew the following spells:

 Your Spells              Type           Power      Damage    Failure   Level
a - Foxfire               Conj/Fire      48%        2x1d6     5%          1
b - Scorch                Fire           34%        2d6       4%          2
c - Inner Flame           Hex/Fire       10%        N/A       21%         3

Your spell library contained the following spells:

 Spells                   Type           Power      Damage    Failure   Level
 Volatile Blastmotes      Fire/Tloc      20%        2d11      21%         3
 Flame Wave               Conj/Fire      12%        2d6       45%         4


Dungeon Overview and Level Annotations

Branches:
Dungeon (3/15)

Altars:
Vehumet


Innate Abilities, Weirdness & Mutations

You cannot wear most types of armour.
You are amphibious.
You can wear up to eight rings at the same time.
Your skin changes colour to match your surroundings (Stealth+).
Your rubbery body absorbs attacks. (AC +1, EV +1)
((You are camouflaged when in or above water. (Stealth+)))
You have tentacles for arms and can constrict up to eight enemies at once.


Message History

An orc comes into view. It is wielding a +0 war axe.
The orc wizard points at you and mumbles some strange words.
The magic dart hits you!
Casting: Foxfire (safe; 5% risk of failure)
Confirm with . or Enter, or press ? or * to list all spells.
You conjure some foxfire!
The foxfire hits the ball python.
You kill the ball python!
The foxfire hits the orc wizard.
The orc wizard is moderately wounded.
The orc wizard casts a spell at you.
You are confused.
You're too confused to cast spells.
Unknown command.
You're too confused to cast spells.
Unknown command.
Unknown command.
Unknown command.
The foxfire hits the orc.
The orc is lightly wounded.
The foxfire hits the orc.
The orc is severely wounded.
In your confused state, you trip and fall back down the stairs.
The orc wizard casts a spell.
The orc wizard flickers and vanishes for a moment.
In your confused state, you trip and fall back down the stairs.
The orc wizard points at you and mumbles some strange words.
You are more confused.
Unknown command.
The orc hits you with a +2 heavy falchion!
* * * LOW HITPOINT WARNING * * *
The orc wizard closely misses you.
You climb upwards.
There is a stone staircase leading down here.
Unknown command.
Unknown command.
Unknown command.
It was a potion of haste.
You feel yourself speed up.
The orc wizard points at you and mumbles some strange words.
The magic dart hits you!
You die...

# #.# #.#
#(# #.# #.#
#.# #.# #.#
#.# #.# #.#
#.# #.# #.#
#.######.#
#...o@...#
######o###
#.# #.# #.#
#######.#
#.......###
#.#####...#
#### #.#
###.#


You could see an orc wizard and an orc.

Vanquished Creatures
  A gnoll (D:1)
  3 adders (D:2)
  A worm (D:2)
  2 bats (D:2)
  6 endoplasms
  A giant cockroach (D:2)
  4 goblins
  2 hobgoblins
  4 jackals (D:2)
  3 quokkas (D:2)
  5 ball pythons
  3 frilled lizards
  4 kobolds (D:1)
  8 rats
47 creatures vanquished.

Vanquished Creatures (others)
  84 foxfires
84 creatures vanquished.

Grand Total: 131 creatures vanquished

Notes
Turn   | Place    | Note
-------+----------+-------------------------------------------
     0 | D:1      | Conn the Octopode Fire Elementalist began the quest for the
                  | Orb.
     0 | D:1      | Reached XP level 1. HP: 11/11 MP: 3/3
   363 | D:1      | Reached XP level 2. HP: 17/17 MP: 3/5
   572 | D:1      | Reached XP level 3. HP: 18/21 MP: 1/6
  1092 | D:2      | Learned a level 2 spell: Scorch
  1096 | D:2      | Learned a level 3 spell: Inner Flame
  1343 | D:2      | Found a radiant altar of Vehumet.
  1350 | D:2      | Reached XP level 4. HP: 27/27 MP: 3/8
  1896 | D:2      | Killed from afar by an orc wizard

Illustrated notes

Levels and vault maps discovered:
D:1:      co_arrival_square_in_a_square_in_a_square, layout_basic
D:2:      minmay_diamond_boxcup, layout_loops_ring, basic_altar
D:3:      layout_rooms

Skill      XL: |  1  2 |
---------------+-------+-----
Stealth        | 3 |  3.7
Dodging        | |  2.1
Shields        | |  0.2
Spellcasting   | |  2.8
Conjurations   | |  1.4
Fire Magic     | |  3.9

Action                     |  1- 3 |  4- 6 || total
---------------------------+-------+-------++-------
  Melee: Hand axe          |    17 |    25 ||    42
         Tentacles         |     5 |     3 ||     8
         Constrict         |     3 |     4 ||     7
   Cast: Foxfire           |    46 |     3 ||    49
         Scorch            |     2 |       ||     2
    Use: Potion            |       |     1 ||     1
   Stab: Sleeping          |     2 |     6 ||     8
 Armour: Skin              |     3 |     2 ||     5
  Dodge: Dodged            |     9 |    29 ||    38

Table legend: (Time is in decaauts)
 A = Elapsed time spent in this place.
 B = Non-inter-level travel time spent in this place.
 C = Inter-level travel time spent in this place.
 D = Time resting spent in this place.
 E = Time spent auto-exploring this place.
 F = Levels seen in this place.
 G = Mean time per level.
                   A        B        C        D        E       F      G
               +--------+--------+--------+--------+--------+-----+--------+
         Total |   1934 |   1906 |     28 |      0 |   1496 |   3 |  644.7 |
       Dungeon |   1934 |   1906 |     28 |      0 |   1496 |   3 |  644.7 |
               +--------+--------+--------+--------+--------+-----+--------+

Top non-repeatable levels by time:
     D:1: 966 daAuts
     D:2: 960 daAuts
     D:3: 7 daAuts
